 Dungeon Crawl Stone Soup version 0.31.0-32-g396128a36d (webtiles) character file.

Game seed: 1137340714477238197

39 PaiMei the Grave Robber (level 3, 0/26 HPs)
             Began as a Demonspawn Necromancer on Apr 15, 2024.
             Slain by an adder (4 damage)
             ... on level 2 of the Dungeon.
             The game lasted 00:02:37 (1398 turns).

PaiMei the Grave Robber (Demonspawn Necromancer)    Turns: 1398, Time: 00:02:38

Health: 0/26       AC:  3    Str:  8    XL:     3   Next: 26%
Magic:  3/6        EV: 12    Int: 17    God:
Gold:   43         SH:  0    Dex: 13    Spells: 5/6 levels left

rFire   . . .        g - +0 club
rCold   . . .        (no shield)
rNeg    . . .        a - +0 robe
rPois   .            (no helmet)
rElec   .            c - +0 cloak
rCorr   .            (no gloves)
SInv    .            (no boots)
Will    .....        (no amulet)
Stlth   ++           h - ring of wizardry
HPRegen 0.24/turn    (no ring)
MPRegen 0.20/turn

%: wizardry (x1)
@: lethally poisoned (0 -> -2)
A: magic regeneration, demonic touch 1
a: no special abilities


You were on level 2 of the Dungeon.
You visited 1 branch of the dungeon, and saw 2 of its levels.

You collected 43 gold pieces.

Inventory:

Hand Weapons
 g - a +0 club (weapon)
Missiles
 j - 3 poisoned darts (quivered)
Armour
 a - a +0 robe (worn)
 c - a +0 cloak (worn)
 d - a +0 tower shield
Jewellery
 h - a ring of wizardry (left hand)
Scrolls
 f - a scroll of identify {unknown}
 i - a scroll of amnesia {unknown}
Potions
 b - a potion of magic
 e - a potion of attraction {unknown}
 k - a potion of brilliance {unknown}


   Skills:
 + Level 1.0 Fighting
 + Level 2.2 Dodging
 - Level 2.0 Stealth
 + Level 2.4 Spellcasting
 + Level 4.7 Necromancy


You had 5 spell levels left.
You knew the following spells:

 Your Spells              Type           Power      Damage    Failure   Level
a - Necrotise             Necr           72%        1d7       1%          1

Your spell library contained the following spells:

 Spells                   Type           Power      Damage    Failure   Level
 Vampiric Draining        Necr           18%        2d7       3%          3
 Animate Dead             Necr           18%        N/A       11%         4
 Curse of Agony           Necr           18%        N/A       28%         5


Dungeon Overview and Level Annotations

Branches:
Dungeon (2/15)

Altars:


Innate Abilities, Weirdness & Mutations

You regenerate magic rapidly.
Your touch may inflict minor irresistible damage on your foes.


Message History

The adder attacks as it pursues you! The adder bites you.
* * * LOW HITPOINT WARNING * * *
You enter a dispersal trap!
The adder blinks! x3; You blink.
The adder attacks as it pursues you! The adder bites you but does no damage.
The adder barely misses you.
The adder enters a dispersal trap!
The adder blinks!
You blink.
The adder blinks!
The adder enters a dispersal trap!
The adder blinks!
You blink.
The adder attacks as it pursues you! The adder barely misses you.
The adder attacks as it pursues you! The adder barely misses you.
The adder attacks as it pursues you! The adder closely misses you. x2
The adder attacks as it pursues you! The adder bites you but does no damage.
Casting: Necrotise (safe; 1% risk of failure)
Confirm with . or Enter, or press ? or * to list all spells.
Aiming: Necrotise (safe; 1% risk of failure)
Press: ? - help, Shift-Dir - straight line, f/p - adder
Aim: an adder (chance to affect: 81%)
The adder writhes in agony.
The adder closely misses you.
You closely miss the adder. Your touch misses the adder.
The adder is moderately wounded.
The adder bites you but does no damage. The adder closely misses you.
You hit the adder but do no damage.
The adder is moderately wounded.
The adder closely misses you. x2
You miss the adder.
You touch the adder!
You kill the adder!
The adder bites you.
You are poisoned.
The adder poisons you!
Your Fighting skill increases to level 1!
Casting: Necrotise (safe; 1% risk of failure)
Confirm with . or Enter, or press ? or * to list all spells.
Aiming: Necrotise (safe; 1% risk of failure)
Press: ? - help, Shift-Dir - straight line, f - adder
Aim: an adder (chance to affect: 83%)
The adder barely resists.
You feel sick. The adder bites you but does no damage.
You miss the adder.
You feel sick. The adder bites you.
* * * LOW HITPOINT WARNING * * *
The adder bites you.
You die...

########
.†.....########
...S....S...S.#
######.######.#
# #.# #.# # #.#
#.######.### #
#.#
#..S@....... #
#)#
#.#####..### #
#.# #.# # # #.#
#.# #.# #.#
#.#####..#
#........#
#..#####.#
#..#####.#


You could see an adder.

Vanquished Creatures
  An adder (D:2)
  A dart slug (D:2)
  A ball python (D:2)
  3 endoplasms (D:1)
  4 giant cockroaches
  2 goblins (D:1)
  3 hobgoblins
  A quokka (D:1)
  2 bats (D:1)
  A frilled lizard (D:1)
  2 kobolds
  4 rats
25 creatures vanquished.

Vanquished Creatures (collateral kills)
  A ball python (D:2)
1 creature vanquished.

Grand Total: 26 creatures vanquished

Notes
Turn   | Place    | Note
-------+----------+-------------------------------------------
     0 | D:1      | PaiMei the Demonspawn Necromancer began the quest for the
                  | Orb.
     0 | D:1      | Reached XP level 1. HP: 13/13 MP: 3/3
   255 | D:1      | Gained mutation: Your touch may inflict minor irresistible
                  | damage on your foes. [demonic ancestry]
   255 | D:1      | Reached XP level 2. HP: 19/19 MP: 0/5
  1149 | D:2      | Found a faded altar of an unknown god.
  1370 | D:2      | Gained mutation: You regenerate magic rapidly. [demonic
                  | ancestry]
  1370 | D:2      | Reached XP level 3. HP: 15/25 MP: 1/6
  1397 | D:2      | Reached skill level 1 in Fighting
  1398 | D:2      | Slain by an adder

Illustrated notes

Levels and vault maps discovered:
D:1:      matt_arrival_diagonals, layout_basic
D:2:      layout_loops_ring, chequers_ecumenical_altar_simple_redux,
          nicolae_kite_square_tiling_tiny, hex_tiny

Skill      XL: |  1  2  3 |
---------------+----------+-----
Dodging        | 2 |  2.2
Stealth        | 2 |  2.0
Fighting       | 1 |  1.0
Spellcasting   | |  2.4
Necromancy     | |  4.7

Action                     || total
---------------------------++-------
  Melee: Club              ||    17
         Unarmed           ||     2
         Touch             ||     1
   Cast: Necrotise         ||    52
 Armour: Robe              ||    33
  Dodge: Dodged            ||    35
